 Dungeon Crawl Stone Soup version 0.20-a0-277-g7db01f4 (webtiles) character file.

334 Junicave the Digger (level 6, -1/32 HPs)
             Began as a Gargoyle Earth Elementalist on Dec 13, 2016.
             Slain by a slave (5 damage)
             ... led by Pikel
             ... on level 4 of the Dungeon.
             The game lasted 00:24:47 (4429 turns).

Junicave the Digger (Gargoyle Earth Elementalist)   Turns: 4429, Time: 00:24:47

Health: -1/32      AC:  9    Str: 12    XL:     6   Next: 53%
Magic:  1/13       EV: 11    Int: 17    God:
Gold:   212        SH:  3    Dex: 10    Spells: 8/14 levels left

rFire  . . .     SeeInvis .     B - staff of summoning
rCold  . . .     Gourm    .     E - +0 robe (curse)
rNeg   + . .     Faith    .     k - +0 buckler
rPois  ∞         Spirit   .     o - +0 helmet
rElec  +         Reflect  .     l - +0 cloak
rCorr  .         Harm     .     (no gloves)
MR     .....                    u - +0 pair of boots
Stlth  +++.......               (no amulet)
                                t - ring of stealth
                                g - ring of flight

@: very slightly contaminated
A: negative energy resistance 1, electricity resistance, unbreathing,
petrification resistance, rot immunity, AC +4
a: Evoke Flight


You were on level 4 of the Dungeon.
You were not hungry.

You visited 1 branch of the dungeon, and saw 4 of its levels.

You collected 212 gold pieces.

Inventory:

Hand Weapons
 x - a +2 dagger of venom
Missiles
 b - 90 stones (quivered)
Armour
 i - a +0 robe
 k - a +0 buckler (worn)
 l - a +0 cloak (worn)
 o - a +0 helmet (worn)
 u - a +0 pair of boots (worn)
 E - a cursed +0 robe (worn)
Magical Staves
 B - an uncursed staff of summoning (weapon)
Jewellery
 g - a ring of flight (left hand)
 t - a ring of stealth (right hand)
Scrolls
 a - 2 scrolls of immolation
 j - a scroll of recharging {unknown}
 s - a scroll of remove curse
 A - a scroll of random uselessness
Potions
 c - a potion of haste {unknown}
 f - 2 potions of brilliance {unknown}
 m - a potion of invisibility {unknown}
 n - 3 potions of might {unknown}
 p - 3 potions of flight {unknown}
 z - 4 potions of curing {unknown}
 D - 2 potions of mutation {unknown}
Books
 e - a book of Geomancy

   Spells                             Type                      Level
   a - Sandblast                      Earth                        1
   b - Passwall                       Transmutation/Earth          2
   c - Stone Arrow                    Conjuration/Earth            3
   d - Petrify                        Transmutation/Earth          4
   e - Lee's Rapid Deconstruction     Earth                        5
 y - a book of Minor Magic

   Spells                             Type                      Level
   a - Magic Dart                     Conjuration                  1
   b - Blink                          Translocation                2
   c - Call Imp                       Summoning                    2
   d - Repel Missiles                 Charms/Air                   2
   e - Slow                           Hexes                        2
   f - Conjure Flame                  Conjuration/Fire             3
   g - Mephitic Cloud                 Conjuration/Poison/Air       3
Comestibles
 d - 2 bread rations
 h - 2 meat rations
 v - 2 fruits
 w - a beef jerky


   Skills:
 - Level 1.5 Dodging
 - Level 2.1 Stealth
 * Level 4.6 Spellcasting
 + Level 3.1 Conjurations
   Level 0.7 Transmutations
 + Level 5.1 Earth Magic


You had 8 spell levels left.
You knew the following spells:

 Your Spells              Type           Power        Failure   Level  Hunger
a - Sandblast             Erth           ###...       3%          1    None
b - Stone Arrow           Conj/Erth      ###...       17%         3    ###....
c - Blink                 Tloc           N/A          38%         2    ##.....


Dungeon Overview and Level Annotations

Branches:
Dungeon (4/15)
 Temple: D:4-7

Altars:
Okawaru
Sif Muna
Trog

Annotations:
D:4 Pikel


Innate Abilities, Weirdness & Mutations

You are resistant to torment.
Your stone body is resilient. (AC +4)
You are immune to poison.
You resist negative energy. (rN+)
You are resistant to electric shocks. (rElec)
You can survive without breathing.
You are immune to petrification.
You are immune to rotting.


Message History

Pikel hits you but does no damage.
Casting: Stone Arrow
Confirm with . or Enter, or press ? or * to list all spells.
You blink.
You hear the brisk hiss of a very distant avalanche of sand.
The slave shouts!
The slave hits you but does no damage. You block the slave's attack.
The slave shouts!
The slave hits you.
* * * LOW HITPOINT WARNING * * *
Casting: Blink
Confirm with . or Enter, or press ? or * to list all spells.
You don't have enough magic to cast that spell.
Casting: Blink
Confirm with . or Enter, or press ? or * to list all spells.
You don't know that spell.
The slave hits you but does no damage. The slave hits you.
You die...

#..####....>...
##..# ####.....
#..## ###...
##..# #### ####
#..## ## #
#..#### ##..#
#.#
##....#####..##
##..#
####....##..#
### #....#
####.pK@## #..#
#....[ ###p.##
...# #.....
##p.###...#
#.... ##.##...#
##... #p.#...#
###. ##....#
#.. ##...# ##..
#..## ###...
##..# ##.....


You could see Pikel and 4 slaves.

Vanquished Creatures
  3 orc wizards (D:3)
  2 worker ants (D:4)
  3 gnolls (D:2)
  7 adders
  An ooze (D:1)
  2 worms
  14 dart slugs
  2 leopard geckos (D:1)
  2 orcs (D:3)
  3 giant cockroaches
  12 goblins
  3 hobgoblins
  7 jackals
  7 kobolds
  A quokka (D:3)
  A ball python (D:1)
  3 bats
  6 frilled lizards
  6 rats
85 creatures vanquished.

Vanquished Creatures (others)
  An octopode (D:1)
  A gargoyle (D:1)
  3 elves (D:1)
  A vampire (D:1)
  A formicid (D:1)
  A human (D:1)
  A naga (D:1)
  A centaur (D:1)
  An orc (D:1)
  A kobold (D:1)
  4 tentacles (D:1)
16 creatures vanquished.

Grand Total: 101 creatures vanquished

Notes
Turn   | Place    | Note
-------+----------+-------------------------------------------
     0 | D:1      | Junicave the Gargoyle Earth Elementalist began the quest for the Orb.
     0 | D:1      | Reached XP level 1. HP: 10/10 MP: 3/3
     0 | D:1      | Noticed a gargoyle
     0 | D:1      | Noticed a vampire
     0 | D:1      | Noticed a human
     0 | D:1      | Noticed an elf
     0 | D:1      | Noticed an elf
     0 | D:1      | Noticed a kraken
     0 | D:1      | Noticed a naga
     0 | D:1      | Noticed an octopode
     0 | D:1      | Noticed an elf
     0 | D:1      | Noticed a centaur
     0 | D:1      | Noticed a formicid
     2 | D:1      | Killed a centaur
     4 | D:1      | Killed a naga
     8 | D:1      | Killed a formicid
     8 | D:1      | Killed an octopode
     9 | D:1      | Killed an elf
    12 | D:1      | Killed an elf
    12 | D:1      | Killed a vampire
    12 | D:1      | Killed an elf
    13 | D:1      | Killed a human
    14 | D:1      | Killed a gargoyle
   340 | D:1      | Reached XP level 2. HP: 12/15 MP: 2/5
   860 | D:1      | Reached skill level 4 in Earth Magic
   925 | D:1      | Reached XP level 3. HP: 19/19 MP: 5/7
   930 | D:1      | Learned a level 3 spell: Stone Arrow
  1516 | D:2      | Reached XP level 4. HP: 14/24 MP: 1/9
  1646 | D:2      | Reached skill level 1 in Conjurations
  1752 | D:2      | Found a faded altar of an unknown god.
  2131 | D:2      | Reached XP level 5. HP: 25/28 MP: 5/10
  2190 | D:2      | Found a bloodstained altar of Trog.
  3311 | D:3      | Found an iron altar of Okawaru.
  3893 | D:3      | Reached XP level 6. HP: 32/32 MP: 12/12
  3969 | D:3      | Found a deep blue altar of Sif Muna.
  4089 | D:3      | Learned a level 2 spell: Blink
  4244 | D:4      | Reached skill level 5 in Earth Magic
  4352 | D:4      | Noticed a slave
  4354 | D:4      | Noticed Pikel
  4354 | D:4      | Noticed a slave
  4355 | D:4      | Noticed a slave
  4355 | D:4      | Noticed a slave
  4429 | D:4      | Slain by a slave

Vault maps used:
D:1:      nicolae_arrival_kraken_aquarium_a
D:2:      bloody_trog, chequers_ecumenical_altar_island, minmay_surrounded
D:3:      kennysheep_slugbush, lemuel_round_altar, led_sif_book, first_bread
D:4:      serial_shops, shop, lightli_ossuary_entry_decrepit_ruins,
          uniq_duvessa, uniq_pikel

Skill      XL: |  1  2  3  4  5  6 |
---------------+-------------------+-----
Earth Magic    | 4 5 |  5.1
Spellcasting   | 3 4 |  4.6
Conjurations   | 1 2 3 |  3.1
Dodging        | |  1.5
Stealth        | |  2.1
Transmutations | |  0.7

Action                   |  1- 3 |  4- 6 || total
-------------------------+-------+-------++-------
Melee: Unarmed           |    14 |       ||    14
       Whip              |    23 |     1 ||    24
       Mace              |       |     7 ||     7
       Staff             |       |   115 ||   115
 Cast: Sandblast         |    47 |    54 ||   101
       Stone Arrow       |     1 |    31 ||    32
       Blink             |       |     2 ||     2
  Use: Scroll            |       |     6 ||     6
 Stab: Sleeping          |     1 |     3 ||     4
  Eat: Chunk             |     2 |     9 ||    11
       Meat ration       |       |     1 ||     1
Armor: Robe              |    18 |    76 ||    94
       Leather armour    |     7 |    15 ||    22
Dodge: Dodged            |    29 |    96 ||   125
Block: Buckler           |       |    20 ||    20
